 Dungeon Crawl Stone Soup version 0.23.2-40-g277498a001 (webtiles) character file.

Game seed: 5151776460713666938

18289 DenSaoPin the Slicer (level 12, -9/81 HPs)
             Began as a Demonspawn Skald on Oct 3, 2019.
             Was an Elder of Qazlal.
             Killed from afar by an ice dragon (34 damage)
             ... with a blast of cold
             ... on level 12 of the Dungeon on Oct 5, 2019.
             The game lasted 02:14:05 (21191 turns).

DenSaoPin the Slicer (Demonspawn Skald)            Turns: 21191, Time: 02:14:05

Health: -9/81      AC: 12    Str: 14    XL:     12   Next: 26%
Magic:  0/21       EV: 18    Int: 15    God:    Qazlal [****..]
Gold:   915        SH: 11    Dex: 15    Spells: 12/23 levels left

rFire    . . .     SeeInvis .   v - +2 rapier (protect)
rCold    . . .     Gourm    .   Q - +0 buckler
rNeg     . . .     Faith    .   i - +0 troll leather armour
rPois    .         Spirit   +   m - +1 helmet
rElec    .         Reflect  .   w - scarf {repulsion}
rCorr    .         Harm     .   N - +2 pair of gloves
MR       .....                  (no boots)
Stlth    +.........             I - amulet of rage
HPRegen  0.63/turn              W - ring of wizardry
MPRegen  0.17/turn              e - +2 ring of slaying

@: infused, repel missiles
A: claws 2, thin metallic scales 2, powered by pain 1, augmentation 1, magic
shield
a: Upheaval, Elemental Force, Renounce Religion, Evoke Berserk Rage


You were on level 12 of the Dungeon.
You worshipped Qazlal.
Qazlal was greatly pleased with you.
You were not hungry.

You visited 3 branches of the dungeon, and saw 15 of its levels.

You collected 915 gold pieces.

Inventory:

Hand Weapons
 a - a +3 dagger
 f - a +0 hand crossbow
 j - a +4 great sword of freezing
 v - a +2 rapier of protection (weapon)
 y - a +4 halberd of venom
 C - a +2 dagger of venom
 F - a +4 scimitar of flaming
 X - a +2 vampiric short sword
Missiles
 g - 17 bolts
 L - 72 arrows
Armour
 b - a +0 leather armour
 i - a +0 troll leather armour (worn)
 m - a +1 helmet (worn)
 s - a scarf of cloud immunity
 w - a scarf of repulsion (worn)
 x - a +2 cloak of invisibility
 D - a +2 robe of magic resistance
 G - a +2 robe of fire resistance
 M - a +0 plate armour
 N - a +2 pair of gloves (worn)
 Q - a +0 buckler (worn)
Jewellery
 c - an uncursed ring of fire
 e - a +2 ring of slaying (right hand)
 I - an amulet of rage (around neck)
 J - an uncursed ring of resist corrosion
 O - an uncursed ring of magical power
 W - a ring of wizardry (left hand)
Wands
 q - a wand of disintegration (10)
 u - a wand of paralysis (8)
 P - a wand of enslavement (10)
 R - a wand of iceblast (19)
Scrolls
 h - a scroll of amnesia
 k - 2 scrolls of fear
 o - 8 scrolls of identify
 r - 6 scrolls of remove curse
 T - 3 scrolls of magic mapping
 Z - 2 scrolls of fog
Potions
 l - 2 potions of mutation {unknown}
 n - a potion of lignification {unknown}
 p - a potion of haste {unknown}
 t - a potion of resistance {unknown}
 z - a potion of might {unknown}
 B - a potion of berserk rage {unknown}
 H - a potion of degeneration {unknown}
Miscellaneous
 S - a box of beasts
Comestibles
 d - 6 rations


   Skills:
 - Level 3.5 Fighting
 + Level 9.9 Short Blades
 - Level 1.2 Armour
 + Level 9.4 Dodging
 - Level 7.3 Shields
 - Level 6.9 Unarmed Combat
 - Level 6.1 Spellcasting
 - Level 5.0 Charms
 - Level 4.3 Invocations


You had 12 spell levels left.
You knew the following spells:

 Your Spells              Type           Power        Failure   Level  Hunger
a - Infusion              Chrm           ###.         1%          1    None
b - Song of Slaying       Chrm           ###.....     1%          2    #......
c - Shroud of Golubria    Chrm/Tloc      ##........   4%          2    #......
d - Regeneration          Chrm/Necr      ##........   8%          3    ##.....
e - Spectral Weapon       Hex/Chrm       ##......     8%          3    ##.....

Your spell library contained the following spells:

 Spells                   Type           Power        Failure   Level  Hunger


Dungeon Overview and Level Annotations

Branches:
Dungeon (12/15)            Temple (1/1) D:6            Lair (0/6) D:11
    Orc (2/2) D:12
    Elf: Orc:2

Altars:
Ashenzari
Cheibriados
Dithmenos
Elyvilon
Fedhas
Gozag
Hepliaklqana
Kikubaaqudgha
Makhleb
Nemelex Xobeh
Okawaru
Qazlal
Ru
Trog
Uskayaw
Vehumet
Wu Jian
Xom
Yredelemnul
Zin
The Shining One

Shops:
D:6 =

Annotations:
D:7 Harold


Innate Abilities, Weirdness & Mutations

You have very sharp fingernails.
You are mostly covered in thin metallic scales. (AC +3)
You sometimes gain a little power by taking damage.
Your magical and physical power is slightly enhanced at high health.
When hurt, damage is shared between your health and your magic reserves.


Message History

* * * LOW HITPOINT WARNING * * *
The ice dragon tramples you but does no damage.
The ice dragon breathes frost at you. The blast of cold misses you.
You hear a sizzling sound!
The ice dragon breathes frost at you. The blast of cold misses you.
You hear a sizzling sound!
The wolf is engulfed in freezing vapours.
The ice dragon breathes frost at you.
You hear a sizzling sound!
You block the wolf's attack. You block the wolf's attack.
You see here a +0 mace.
The wolf closely misses you.
There is a stone staircase leading up, spattered with blood here.
The wolf misses you. The ice dragon breathes frost at you.
The blast of cold hits you!!!
You die...

#...........####
#############...............
######..........................#
................................#
.(.#####'##..................####
...#......#..................#
...#......#....☼.............#
...#......#..................#
...#......##..§☼@.§..........#
...#.......#.○.h).##########.+
...#.......#......# #.#
...#.......#.°...○# #.#
...#.......#...D..# #..
...'(..#####......# #..
...#####.......Y..# ...
..>)..............#
..[.[(............#


You could see an ice dragon, a yak and a wolf.

Vanquished Creatures
  Erica (D:8)
  A centaur warrior (D:10)
  3 two-headed ogres
  Urug (D:12)
  3 unseen horrors
  2 ugly things
  2 cyclopes
  Maurice (D:8)
  A centaur skeleton (D:12)
  A gargoyle (D:10)
  A troll (D:11)
  2 polar bears (D:12)
  Prince Ribbit (D:8)
  5 slime creatures (D:12)
  4 hippogriffs
  A wraith (D:11)
  A wyvern (D:10)
  2 yaks (D:12)
  A human (D:10)
  Grum (D:8)
  2 hungry ghosts
  Menkaure (D:6)
  3 ice beasts
  5 orc warriors
  2 porcupines (D:11)
  3 black bears
  6 sky beasts
  3 phantoms
  4 ogres
  3 centaurs (D:9)
  4 wolves (D:8)
  2 big kobolds
  16 bullfrogs
  A gnoll sergeant (D:10)
  8 scorpions
  A wyvern skeleton (D:10)
  5 killer bees (D:9)
  9 wights
  3 howler monkeys (D:10)
  2 crimson imps (D:12)
  2 hounds
  2 bullfrog skeletons
  3 jellies
  5 orc priests
  4 orc wizards
  2 iguanas
  8 worker ants
  2 hound zombies
  2 howler monkey zombies
  Robin (D:4)
  17 adders
  12 gnolls
  2 shadow imps (D:12)
  3 adder skeletons
  3 worms
  2 dart slugs
  7 leopard geckos
  25 orcs
  A ball python (D:1)
  2 bats
  A giant cockroach (D:3)
  16 goblins
  9 hobgoblins
  5 jackals
  18 kobolds
  2 quokkas
  6 frilled lizards
  A jackal skeleton (D:4)
  9 rats
  4 spectral weapons
294 creatures vanquished.

Vanquished Creatures (others)
  3 orc wizards
  10 fungi (D:11)
  2 plants (D:11)
  4 spectral weapons
19 creatures vanquished.

Grand Total: 313 creatures vanquished

Notes
Turn   | Place    | Note
-------+----------+-------------------------------------------
     0 | D:1      | DenSaoPin the Demonspawn Skald began the quest for the Orb.
     0 | D:1      | Reached XP level 1. HP: 16/16 MP: 3/3
   232 | D:1      | Gained mutation: When hurt, damage is shared between your
                  | health and your magic reserves. [demonic ancestry]
   232 | D:1      | Reached XP level 2. HP: 22/23 MP: 5/5
  1063 | D:1      | Gained mutation: You are partially covered in thin metallic
                  | scales. (AC +2) [demonic ancestry]
  1063 | D:1      | Reached XP level 3. HP: 18/28 MP: 3/6
  2668 | D:2      | Gained mutation: You are mostly covered in thin metallic
                  | scales. (AC +3) [demonic ancestry]
  2668 | D:2      | Reached XP level 4. HP: 27/35 MP: 1/7
  2815 | D:2      | Noticed a phantom
  3774 | D:3      | Reached skill level 1 in Armour
  4094 | D:3      | Found an ancient bone altar of Kikubaaqudgha.
  4608 | D:3      | Reached XP level 5. HP: 37/41 MP: 8/8
  5229 | D:4      | Learned a level 2 spell: Song of Slaying
  5533 | D:4      | Noticed an ogre
  5638 | D:4      | Noticed a phantom
  5985 | D:4      | Learned a level 2 spell: Shroud of Golubria
  5992 | D:4      | Killed an ogre
  5992 | D:4      | Gained mutation: You sometimes gain a little power by
                  | taking damage. [demonic ancestry]
  5992 | D:4      | Reached XP level 6. HP: 29/47 MP: 0/9
  6472 | D:4      | Noticed Robin
  6512 | D:4      | Killed Robin
  6851 | D:5      | Entered Level 5 of the Dungeon
  7272 | D:5      | Found a hide-covered altar of Uskayaw.
  7272 | D:5      | Noticed a +0 hand axe
  7273 | D:5      | Noticed a +0 dagger
  7803 | D:5      | Gained mutation: You have sharp fingernails. [demonic
                  | ancestry]
  7803 | D:5      | Reached XP level 7. HP: 46/52 MP: 2/10
  8480 | D:5      | Reached skill level 1 in Unarmed Combat
  8884 | D:4      | Reached skill level 1 in Shields
  9412 | D:6      | Found a shattered altar of Ashenzari.
  9420 | D:6      | Noticed Menkaure
  9430 | D:6      | Killed Menkaure
  9449 | D:6      | HP: 2/52 [bullfrog (1)]
  9763 | D:6      | Found the +10 Black Knight's horse barding {ponderous,
                  | rPois rN+}
  9787 | D:6      | Found Butte's Jewellery Emporium.
  9883 | D:6      | Gained mutation: Your magical and physical power is
                  | slightly enhanced at high health. [demonic ancestry]
  9883 | D:6      | Reached XP level 8. HP: 58/58 MP: 8/12
 10085 | D:6      | Found a staircase to the Ecumenical Temple.
 10329 | Temple   | Entered the Ecumenical Temple
 10466 | Temple   | Became a worshipper of Qazlal Stormbringer
 11247 | D:7      | Noticed Harold
 13072 | D:8      | Learned a level 3 spell: Regeneration
 13076 | D:8      | Learned a level 3 spell: Spectral Weapon
 13243 | D:8      | Reached skill level 5 in Unarmed Combat
 13719 | D:8      | Noticed Erica
 13735 | D:8      | Killed Erica
 13735 | D:8      | Reached XP level 9. HP: 42/64 MP: 8/15
 14004 | D:8      | Noticed Grum
 14016 | D:8      | Reached skill level 1 in Invocations
 14036 | D:8      | Killed Grum
 14036 | D:8      | Reached skill level 5 in Short Blades
 14042 | D:8      | Reached * piety under Qazlal
 14416 | D:8      | Noticed Prince Ribbit
 14440 | D:8      | Killed Prince Ribbit
 14814 | D:8      | Found a white marble altar of Elyvilon.
 14815 | D:8      | Found a blossoming altar of Fedhas.
 15000 | D:9      | Reached skill level 5 in Dodging
 15940 | D:9      | Noticed Maurice
 15960 | D:9      | Reached XP level 10. HP: 37/70 MP: 5/16
 15999 | D:8      | Killed Maurice
 16290 | D:9      | Noticed a two-headed ogre
 16307 | D:9      | Killed a two-headed ogre
 16307 | D:9      | Reached skill level 5 in Charms
 16821 | D:10     | Entered Level 10 of the Dungeon
 16906 | D:10     | Noticed a two-headed ogre
 16908 | D:10     | Reached skill level 5 in Spellcasting
 16923 | D:10     | Killed a two-headed ogre
 16923 | D:10     | Reached ** piety under Qazlal
 16923 | D:10     | Reached skill level 5 in Shields
 17115 | D:10     | Noticed a cyclops
 17242 | D:10     | Killed a cyclops
 17296 | D:10     | Noticed a gargoyle
 17310 | D:10     | Noticed a two-headed ogre
 17658 | D:10     | Gained mutation: You have very sharp fingernails. [demonic
                  | ancestry]
 17658 | D:10     | Reached XP level 11. HP: 75/75 MP: 14/19
 17754 | D:10     | Killed an unseen horror
 18165 | D:10     | Found a stormy altar of Qazlal.
 18285 | D:11     | Noticed a centaur warrior
 18357 | D:10     | Killed a two-headed ogre
 18419 | D:11     | Noticed a brown ugly thing
 18431 | D:10     | Killed a centaur warrior
 18934 | D:11     | Killed a brown ugly thing
 18946 | D:11     | Reached *** piety under Qazlal
 19268 | D:11     | Killed an unseen horror
 19271 | D:11     | Found a staircase to the Lair.
 20129 | D:12     | Reached **** piety under Qazlal
 20154 | D:12     | Noticed a cyan ugly thing
 20209 | D:12     | Killed a cyan ugly thing
 20329 | D:12     | Found a staircase to the Orcish Mines.
 20356 | D:12     | Noticed Urug
 20379 | D:12     | Killed Urug
 20379 | D:12     | Reached XP level 12. HP: 70/81 MP: 13/21
 20397 | D:12     | HP: 2/81 [titanic slime creature (67)]
 20402 | D:12     | HP: 4/81 [poisoned by Urug]
 20771 | Orc:1    | Entered Level 1 of the Orcish Mines
 20775 | Orc:2    | Entered Level 2 of the Orcish Mines
 20775 | Orc:2    | Noticed a two-headed ogre
 21127 | D:12     | Noticed an ice dragon
 21191 | D:12     | Killed from afar by an ice dragon

Skill      XL: |  1  2  3  4  5  6  7  8  9 10 11 12 |
---------------+-------------------------------------+-----
Short Blades   | 2 3 4 6 7 9 |  9.9
Fighting       | 3 |  3.5
Armour         | 1 |  1.2
Dodging        | 2 4 5 6 8 9 |  9.4
Charms         | 3 4 5 |  5.0
Unarmed Combat | 3 6 |  6.9
Shields        | 1 3 4 5 7 |  7.3
Spellcasting   | 3 4 5 6 |  6.1
Invocations    | 4 |  4.3

Action                   |  1- 3 |  4- 6 |  7- 9 | 10-12 || total
-------------------------+-------+-------+-------+-------++-------
Melee: Short sword       |   148 |   314 |   190 |       ||   652
       Unarmed           |       |       |    45 |       ||    45
       Dagger            |       |       |   155 |   542 ||   697
       Rapier            |       |       |       |   215 ||   215
 Cast: Infusion          |     7 |    17 |    16 |     9 ||    49
       Shroud of Golubri |       |     9 |    21 |    34 ||    64
       Song of Slaying   |       |     4 |     4 |    16 ||    24
       Spectral Weapon   |       |       |    11 |    12 ||    23
       Regeneration      |       |       |     3 |    13 ||    16
 Abil: Evoke Berserk Rag |       |       |       |     1 ||     1
  Use: Potion            |       |     2 |     2 |     1 ||     5
       Scroll            |       |       |    11 |     5 ||    16
 Stab: Sleeping          |       |     2 |     1 |       ||     3
       Distracted        |       |       |     1 |     1 ||     2
  Eat: Chunk             |     2 |     6 |    10 |     6 ||    24
       Ration            |     1 |     3 |     6 |     5 ||    15
Armor: Leather armour    |    37 |    68 |    82 |    52 ||   239
       Robe              |       |       |       |    30 ||    30
       Troll leather arm |       |       |       |   126 ||   126
Dodge: Dodged            |    73 |   151 |   220 |   359 ||   803
Block: Buckler           |       |       |    64 |   271 ||   335
